Map: Orbital Shipyard

Players

capac - Winner!

  • Race: Terran Terran
  • League: Gold

APXOH

  • Race: Zerg Zerg
  • League: Gold

VOD

Have the link to the VOD?

Description

Time

  • Played on: March 5, 2016, 9:26 a.m.
  • Length: 20:17
Show
View Real Time Build Order
Export as new Build Order

capac Terran - Winner!

Build Orders: MMM Bio 

Get SALT Encoding   

  12  0:00  SCV  
  13  0:13  SCV  
  14  0:18  Supply Depot  
  14  0:25  SCV  
  15  0:40  Barracks, SCV  
  16  0:52  SCV  
  16  0:53  Refinery  
  17  1:04  SCV  
  18  1:16  SCV  
  19  1:28  SCV  
  20  1:37  Barracks Reactor  
  20  1:41  SCV  
  20  1:42  Command Center  
  21  2:00  Orbital Command  
  21  2:09  Barracks  
  21  2:16  Supply Depot  
  21  2:17  Marine x2  
  23  2:28  Factory  
  23  2:37  Marine x2  
  23  2:38  SCV  
  26  2:48  Refinery  
  26  2:50  SCV  
  27  3:02  SCV  
  27  3:03  Orbital Command  
  27  3:04  Marine  
  27  3:05  Marine  
  29  3:06  Barracks Tech Lab  
  29  3:19  SCV  
  30  3:22  Marine x2  
  32  3:27  Factory Tech Lab  
  32  3:28  Starport, Marine  
  32  3:32  SCV  
  34  3:35  SCV  
  34  3:40  Marine x2  
  37  3:46  Refinery, SCV  
  37  3:48  SCV  
  39  3:51  Siege Tank  
  39  3:55  Marine  
  43  3:58  Marine x2  
  45  4:10  SCV  
  46  4:22  Supply Depot  
  46  4:23  Supply Depot  
  46  4:27  Starport Reactor  
  46  4:32  Barracks  
  46  4:35  Barracks  
  46  4:43  Marine x3, SCV  
  50  4:51  Supply Depot  
  50  4:58  Stimpack  
  50  4:59  Siege Tank  
  53  5:01  Marine x2  
  56  5:12  Medivac  
  56  5:13  Medivac  
  60  5:14  Supply Depot  
  60  5:18  Marine  
  60  5:23  Barracks Reactor  
  60  5:25  Barracks Reactor  
  60  5:27  SCV x2  
  62  5:30  Widow Mine  
  62  5:33  Supply Depot  
  64  5:56  Medivac x2  
  68  5:57  Marine  
  68  5:58  Marine  
  70  6:05  Marine x3  
  70  6:06  SCV x2  
  70  6:10  Refinery  
  75  6:12  Marine  
  76  6:26  Supply Depot  
  76  6:29  Engineering Bay x2, Marine x3  
  76  6:32  Barracks Reactor  
  65  7:03  Marine  
  65  7:04  Marine x4  
  65  7:05  Siege Tank  
  65  7:06  Medivac  
  69  7:12  Marine x2  
  71  7:16  Medivac  
  71  7:21  Marine  
  74  7:32  Marine x5  
  79  7:38  Siege Tank  
  79  7:43  Combat Shields  
  82  7:46  SCV  
  82  7:50  SCV  
  84  7:54  Command Center  
  84  8:09  SCV x2  
  84  8:12  Terran Infantry Weapons Level 1, Terran Infantry Armor Level 1  
  86  8:15  Supply Depot  
  86  8:19  Starport  
  86  8:25  Siege Tank  
  86  8:26  Barracks  
  89  8:30  Marine x2  
  89  8:31  Marine x3  
  94  8:37  Marine x2  
  94  8:38  Liberator  
  94  8:39  Liberator  
  96  8:41  Supply Depot  
  96  8:48  Marine x2  
  104  9:04  Supply Depot  
  104  9:07  Starport Reactor  
  104  9:09  Armory  
  104  9:10  Marine x3  
  107  9:19  Orbital Command  
  107  9:21  SCV x2  
  109  9:27  Barracks Tech Lab  
  109  9:30  Barracks, Marine x2  
  111  9:39  Siege Tank  
  111  9:41  SCV  
  111  9:42  SCV  
  116  9:54  SCV  
  116  9:56  Liberator x3  
  117  10:10  Terran Infantry Weapons Level 2  
  117  10:11  Terran Infantry Armor Level 2  
  126  10:17  Refinery, SCV  
  126  10:18  SCV x2  
  126  10:19  Refinery  
  129  10:22  Marine  
  129  10:23  Marine x4  
  129  10:25  Supply Depot  
  134  10:46  SCV x3  
  137  10:52  Supply Depot  
  137  10:58  Barracks Tech Lab, SCV x3  
  137  10:59  Concussive Shells  
  140  11:05  Starport  
  140  11:10  Liberator x3, SCV x3  
  140  11:11  Liberator  
  143  11:22  SCV x3  
  146  11:27  Command Center  
  158  12:06  Marine x5  
  158  12:07  Marine x2  
  165  12:15  Terran Ship Weapons Level 1  
  165  12:16  Marine  
  165  12:19  Supply Depot  
  166  12:59  Terran Infantry Armor Level 3, Terran Infantry Weapons Level 3  
  166  13:00  Supply Depot  
  166  13:01  Starport Reactor  
  166  13:04  Marine x4  
  166  13:05  Marine x3  
  173  13:06  Marauder  
  173  13:07  Marauder  
  177  13:22  Marine x4, Liberator x3  
  177  13:23  Marauder, Liberator  
  183  13:28  Marauder x2  
  149  14:15  Liberator x3  
  144  14:20  Marine x2  
  144  14:21  Marine x7  
  153  14:38  Marine x3  
  118  15:36  Marine x4  
  118  15:37  Marine x5  
  127  15:54  Marine x5  
  127  15:55  Marine x4  
  136  16:12  Marine x7  
  136  16:13  Marine x2  
  142  16:29  Marine  
  142  16:30  Marine x7  
  128  16:53  Marine  
  128  16:54  Marine x7  
  130  17:04  Liberator x4  
  130  17:05  Liberator  
  130  17:18  Marine x5  
  130  17:19  Marine x4  
  154  17:36  Marine  
  103  18:34  Marine x5  
  103  18:35  Marine x4  
  112  18:52  Marine x6  
  112  18:53  Marine x3  
  118  19:04  Liberator  
  118  19:05  Liberator x3  
  118  19:09  Marine  
  110  19:10  Marine  
  110  19:17  Marine x7  
  131  19:27  Marine x2  
  130  19:34  Marine  
  130  19:35  Marine x2  
  130  19:44  SCV x3  
  130  19:52  Marine x2  
  129  19:53  Marine x3  
  129  19:56  SCV x2  
Show
View Real Time Build Order
Export as new Build Order

APXOH Zerg 

Build Orders: Hatch First 

Get SALT Encoding   

  12  0:01  Drone  
  13  0:10  Drone  
  14  0:17  Overlord  
  14  0:35  Drone x3  
  17  0:48  Drone  
  18  0:59  Hatchery, Drone  
  18  1:14  Spawning Pool  
  18  1:16  Drone  
  18  1:19  Drone  
  18  1:23  Extractor  
  18  1:29  Drone  
  19  1:42  Drone  
  20  1:49  Extractor  
  20  1:50  Drone  
  20  2:02  Roach Warren  
  20  2:03  Queen, Drone  
  22  2:13  Drone x2  
  24  2:22  Drone  
  25  2:23  Overlord  
  25  2:29  Queen  
  27  2:33  Overlord  
  27  2:46  Roach x3  
  33  2:55  Drone x2  
  37  3:05  Roach  
  37  3:08  Roach  
  39  3:19  Roach x2  
  43  3:21  Overlord  
  43  3:25  Overlord  
  43  3:37  Drone  
  44  3:58  Spore Crawler  
  44  4:00  Spore Crawler  
  44  4:01  Drone  
  44  4:02  Drone x7  
  50  4:17  Drone x2  
  50  4:18  Drone x3  
  50  4:23  Queen  
  57  4:26  Hatchery  
  57  4:29  Ravager x3  
  57  4:30  Ravager  
  60  4:32  Overlord  
  60  4:36  Overlord  
  57  5:08  Metabolic Boost  
  57  5:16  Zergling x14  
  57  5:17  Zergling x4  
  57  5:19  Lair  
  66  5:25  Evolution Chamber  
  65  5:29  Baneling Nest  
  65  5:33  Drone x2  
  66  5:35  Spore Crawler  
  65  5:45  Drone x2  
  65  5:46  Drone x6  
  73  6:01  Drone x3  
  73  6:02  Drone  
  77  6:10  Drone  
  77  6:11  Extractor x2, Drone x4  
  80  6:23  Centrifical Hooks, Zerg Ground Armor Level 1  
  80  6:25  Glial Reconstitution  
  80  6:28  Roach  
  82  6:33  Overlord  
  82  6:34  Overlord x3  
  82  6:35  Overlord  
  82  6:40  Spore Crawler  
  67  6:57  Zergling x2  
  67  6:58  Zergling x20  
  74  7:03  Drone  
  74  7:04  Drone x2  
  77  7:11  Spore Crawler  
  76  7:16  Drone  
  76  7:17  Drone  
  76  7:20  Extractor  
  76  7:21  Drone x6  
  83  7:23  Extractor, Drone  
  83  7:24  Drone  
  84  7:35  Ravager x3  
  87  7:37  Zergling x2  
  87  7:38  Zergling x10  
  93  7:56  Infestation Pit  
  92  8:08  Drone x3  
  92  8:09  Drone  
  96  8:18  Zerg Ground Armor Level 2  
  96  8:25  Roach x4  
  96  8:26  Roach x8  
  120  8:46  Hive  
  120  8:52  Hydralisk Den  
  119  9:13  Roach  
  119  9:16  Hatchery, Overlord x4  
  119  9:17  Overlord  
  121  9:24  Ravager x2  
  118  10:09  Roach x4  
  118  10:10  Drone x9  
  118  10:11  Drone x3  
  139  10:14  Zergling x8  
  139  10:15  Zergling x2  
  139  10:16  Baneling x2  
  139  10:17  Baneling x18  
  139  10:20  Muscular Augments  
  143  10:33  Drone  
  143  10:34  Drone x3  
  147  10:48  Zerg Ground Armor Level 3  
  147  10:58  Ultralisk Cavern  
  147  11:02  Adrenal Glands  
  146  11:04  Evolution Chamber  
  145  11:30  Spore Crawler  
  144  11:35  Spore Crawler  
  143  11:40  Zergling x2  
  143  11:41  Zergling x34  
  143  11:42  Zergling x14  
  168  11:47  Chitinous Plating  
  168  11:49  Zerg Melee Weapons Level 1  
  168  11:57  Overlord  
  168  11:58  Overlord x2  
  168  12:15  Baneling  
  168  12:16  Baneling x24  
  168  12:17  Baneling  
  168  12:21  Overlord x2  
  168  12:24  Ultralisk x4  
  168  12:26  Lurker Den  
  168  12:28  Overlord x2  
  192  12:33  Extractor  
  192  12:34  Extractor  
  190  12:43  Ultralisk  
  152  14:02  Zergling x2  
  137  14:03  Zergling x52  
  163  14:16  Hydralisk  
  163  14:17  Hydralisk x2  
  161  14:49  Zergling x2  
  161  14:50  Zergling x16  
  155  15:07  Hydralisk x6  
  155  15:08  Hydralisk  
  105  15:41  Hydralisk  
  105  15:42  Hydralisk x11  
  107  15:48  Hydralisk  
  107  15:49  Hydralisk x15  
  145  16:08  Spire  
  144  16:14  Hatchery  
  139  16:33  Zergling x2  
  139  16:34  Zergling x32  
  97  16:52  Ultralisk x5  
  99  16:55  Baneling  
  99  16:56  Baneling x5  
  99  16:58  Baneling  
  99  16:59  Baneling x12  
  98  17:06  Hydralisk x3  
  99  17:18  Hatchery  
  99  17:23  Zergling x10  
  99  17:27  Hydralisk x2  
  104  17:39  Lurker x2  
  104  17:41  Corruptor x6  
  104  17:43  Zergling x2  
  121  17:44  Zergling x10  
  124  17:54  Lurker  
  95  18:17  Corruptor  
  95  18:18  Corruptor x3  
  97  18:32  Hydralisk  
  97  18:33  Hydralisk  
  73  18:47  Corruptor  
  73  18:48  Corruptor  
  51  19:03  Zergling x2  
  51  19:04  Zergling x18  
  50  19:19  Zergling x2  
  50  19:20  Zergling x8  
  47  19:42  Zergling x18  
  47  19:43  Zergling x6  
  51  19:46  Hydralisk  
Tags
 
Composition
MMM Bio
League
GoldGold
Matchup
TvZ
Add a new tag
Caveats
  • Supply blocks, unpowered buildings, or Contaminate may cause inaccurate times.
  • Supply counts are checked every 10 seconds.